 Dungeon Crawl Stone Soup version 0.31-a0-263-ge8cad7f256 (webtiles) character file.

Game seed: 5741858908101586554

2163 Newt the Trooper (level 9, -1/69 HPs)
             Began as a Demonspawn Gladiator on July 14, 2023.
             Succumbed to a green ugly thing's poison
             ... on level 7 of the Dungeon.
             The game lasted 00:07:20 (7941 turns).

Newt the Trooper (Demonspawn Gladiator)             Turns: 7941, Time: 00:07:20

Health: -1/69      AC:  3    Str: 20    XL:     9   Next: 10%
Magic:  9/9        EV: 19    Int:  9    God:
Gold:   325        SH:  0    Dex: 16    Spells: 8/8 levels left

rFire   + . .        o - +2 short sword (venom)
rCold   + + .        (no shield)
rNeg    + . .        b - +0 leather armour
rPois   +            (helmet unavailable)
rElec   +            (no cloak)
rCorr   +            (no gloves)
SInv    +            (no boots)
Will    .....        m - amulet of magic regeneration
Stlth   ++++         h - ring of positive energy
HPRegen 0.31/turn    n - ring of protection from cold
MPRegen 0.51/turn

%: no passive effects
@: agile, lethally poisoned (-1 -> -6), resistant, on berserk cooldown,
attractive, slowed, invisible, very slow
A: antennae 3, thin skeletal structure 1, powered by pain 1
a: no special abilities


You were on level 7 of the Dungeon.
You visited 1 branch of the dungeon, and saw 7 of its levels.

You collected 325 gold pieces.

Inventory:

Hand Weapons
 a - a +0 rapier
 o - a +2 short sword of venom (weapon)
Missiles
 d - 2 throwing nets (quivered)
 e - a javelin
 r - 2 boomerangs
Armour
 b - a +0 leather armour (worn)
 c - a +0 helmet
Jewellery
 h - a ring of positive energy (left hand)
 m - an amulet of magic regeneration (around neck)
 n - a ring of protection from cold (right hand)
Wands
 p - a wand of mindburst (3)
Scrolls
 g - a scroll of fog
 i - 2 scrolls of fear
 q - 2 scrolls of enchant weapon
 t - 3 scrolls of revelation
 w - a scroll of torment
 x - a scroll of poison
Potions
 f - 3 potions of might
 l - a potion of berserk rage
 u - a potion of mutation {unknown}
 v - a potion of cancellation {unknown}
 z - a potion of degeneration {unknown}


   Skills:
 - Level 6.0 Fighting
 - Level 6.0 Short Blades
 - Level 1.7 Throwing
 + Level 5.1 Dodging
 - Level 6.0 Stealth
 - Level 4.0 Evocations


You had 8 spell levels left.
You didn't know any spells.
Your spell library contained the following spells:

 Spells                   Type           Power      Damage    Failure   Level
 Slow                     Hex            0%         N/A       43%         1
 Sting                    Tmut/Pois      0%         1d3       43%         1
 Poisonous Vapours        Pois/Air       0%         N/A       58%         2
 Confusing Touch          Hex            0%         N/A       82%         3
 Vampiric Draining        Necr           0%         2d6       82%         3
 Olgreb's Toxic Radiance  Pois           0%         N/A       99%         4


Dungeon Overview and Level Annotations

Branches:
Dungeon (7/15)
 Temple: D:4-7

Altars:
Gozag
Uskayaw


Innate Abilities, Weirdness & Mutations

You have a pair of large antennae on your head. (SInv)
You have a somewhat thin skeletal structure. (Dex +2, Stealth+)
You sometimes gain a little power by taking damage.


Message History

There is a lethal amount of poison in your body!
There is a lethal amount of poison in your body!
It was a potion of berserk rage.
A red film seems to cover your vision as you go berserk!
You feel yourself moving faster!
You feel mighty!
* * * LOW HITPOINT WARNING * * *
You feel extremely sick.
Unknown command.
You start resting.
You feel a strong urge to attack something.
* * * LOW HITPOINT WARNING * * *
You feel very sick.
You start resting.
* * * LOW HITPOINT WARNING * * *
You feel very sick.
You start resting.
You feel your anger nearly subside.
* * * LOW HITPOINT WARNING * * *
You feel very sick.
You start resting.
You are no longer berserk.
You are exhausted.
You feel yourself slow down.
* * * LOW HITPOINT WARNING * * *
You feel sick.
There is a lethal amount of poison in your body!
There is a lethal amount of poison in your body!
There is a lethal amount of poison in your body!
There is a lethal amount of poison in your body!
It was a potion of invisibility.
You fade into invisibility!
* * * LOW HITPOINT WARNING * * *
You feel very sick.
It was a potion of resistance.
You feel protected.
* * * LOW HITPOINT WARNING * * *
You feel very sick.
It was a potion of attraction.
You feel attractive to monsters.
You die...

#..# .....
##..##.....
{
#.........#
#..<......#
##..##....#
###..##)...#
#..........#
#..........
##.@.##...#
#..># ####
#...# +...#
#...# #...#
#...# #..##


There were no monsters in sight!

Vanquished Creatures
  An ugly thing (D:7)
  A steam dragon (D:6)
  A water moccasin (D:6)
  A black bear (D:6)
  An ogre (D:5)
  3 phantoms
  A bullfrog (D:6)
  5 scorpions
  2 electric eels (D:6)
  A howler monkey (D:6)
  7 hounds (D:5)
  2 orc priests (D:5)
  A sleepcap (D:4)
  4 iguanas (D:5)
  An orc wizard (D:5)
  6 gnolls
  8 adders
  2 ufetubi
  6 worms
  2 dart slugs
  8 orcs
  6 bats
  6 endoplasms
  2 giant cockroaches
  7 goblins
  5 hobgoblins
  4 jackals
  4 quokkas
  4 ball pythons
  2 frilled lizards (D:1)
  7 kobolds
  4 rats
115 creatures vanquished.

Notes
Turn   | Place    | Note
-------+----------+-------------------------------------------
     0 | D:1      | Newt the Demonspawn Gladiator began the quest for the Orb.
     0 | D:1      | Reached XP level 1. HP: 16/16 MP: 1/1
   275 | D:1      | Gained mutation: You have a somewhat thin skeletal
                  | structure. (Dex +2, Stealth+) [demonic ancestry]
   275 | D:1      | Reached XP level 2. HP: 20/23 MP: 2/2
   523 | D:1      | Found a faded altar of an unknown god.
  1039 | D:2      | Gained mutation: You have a pair of small antennae on your
                  | head. [demonic ancestry]
  1039 | D:2      | Reached XP level 3. HP: 29/29 MP: 3/3
  1924 | D:4      | Reached skill level 1 in Stealth
  1943 | D:4      | Identified the +5 scimitar of the Inferno {freeze, Int+2}
  1981 | D:4      | Noticed a scorpion
  1985 | D:4      | Killed a scorpion
  1986 | D:4      | Gained mutation: You have a pair of antennae on your head.
                  | [demonic ancestry]
  1986 | D:4      | Reached XP level 4. HP: 35/37 MP: 4/4
  2260 | D:4      | Noticed a phantom
  2269 | D:4      | Reached XP level 5. HP: 33/42 MP: 5/5
  2287 | D:4      | Killed a phantom
  2616 | D:4      | Found an opulent altar of Gozag.
  2795 | D:3      | Reached XP level 6. HP: 4/49 MP: 6/6
  3391 | D:5      | Entered Level 5 of the Dungeon
  3463 | D:5      | Reached skill level 5 in Fighting
  3663 | D:5      | Reached skill level 1 in Evocations
  3663 | D:5      | Gained mutation: You have a pair of large antennae on your
                  | head. (SInv) [demonic ancestry]
  3663 | D:5      | Reached XP level 7. HP: 30/58 MP: 7/7
  5459 | D:5      | Reached skill level 5 in Stealth
  5459 | D:5      | Gained mutation: You sometimes gain a little power by
                  | taking damage. [demonic ancestry]
  5459 | D:5      | Reached XP level 8. HP: 64/64 MP: 8/8
  6030 | D:6      | Found a hide-covered altar of Uskayaw.
  6875 | D:6      | Reached skill level 5 in Short Blades
  7917 | D:7      | Noticed a green ugly thing
  7932 | D:7      | Killed a green ugly thing
  7933 | D:7      | Reached skill level 5 in Dodging
  7933 | D:7      | Reached XP level 9. HP: 10/69 MP: 9/9
  7939 | D:7      | HP: 3/69 [poisoned by a green ugly thing]
  7940 | D:7      | HP: 1/69 [poisoned by a green ugly thing]
  7941 | D:7      | Succumbed to a green ugly thing's poison

Illustrated notes

Levels and vault maps discovered:
D:1:      wander_arrival_chamber, layout_rooms,
          hellmonk_ecumenical_altar_inner_sanctum, serial_bayou_pond_b,
          dreamdust_princess_bridge
D:2:      layout_basic, roderic_serpentine_path
D:3:      layout_basic
D:4:      layout_basic, kennysheep_mini, elyvilon_altar_4,
          kennysheep_generic_room_15
D:5:      layout_loops_ring, minmay_bent
D:6:      layout_basic, mainiacjoe_overflow_24_doors, kennysheep_generic_room_9
D:7:      layout_gridville, minmay_temple_entry_stoned_glass, uniq_joseph,
          uniq_duvessa

Skill      XL: |  1  2  3  4  5  6  7  8 |
---------------+-------------------------+-----
Fighting       | 3 4 6 |  6.0
Stealth        | 2 3 5 6 |  6.0
Short Blades   | 4 6 |  6.0
Evocations     | 1 4 |  4.0
Dodging        | 5 |  5.1
Throwing       | |  1.7

Action                     |  1- 3 |  4- 6 |  7- 9 || total
---------------------------+-------+-------+-------++-------
  Melee: Rapier            |   123 |       |       ||   123
         Punch             |     3 |     4 |       ||     7
         Short sword       |     7 |   124 |   241 ||   372
  Throw: Throwing net      |     2 |     1 |     2 ||     5
         Javelin           |       |     1 |       ||     1
  Evoke: Wand              |       |     5 |     4 ||     9
    Use: Scroll            |     5 |     2 |     5 ||    12
         Potion            |       |     1 |     6 ||     7
   Stab: Sleeping          |     7 |     8 |     5 ||    20
         Distracted        |     1 |       |     1 ||     2
         Held in net/web   |     1 |       |       ||     1
 Armour: Leather armour    |    54 |    22 |    31 ||   107
  Dodge: Dodged            |    89 |    57 |   142 ||   288

Table legend: (Time is in decaauts)
 A = Elapsed time spent in this place.
 B = Non-inter-level travel time spent in this place.
 C = Inter-level travel time spent in this place.
 D = Time resting spent in this place.
 E = Time spent auto-exploring this place.
 F = Levels seen in this place.
 G = Mean time per level.
                   A        B        C        D        E       F      G
               +--------+--------+--------+--------+--------+-----+--------+
         Total |   7875 |   7731 |    144 |   2986 |   3749 |   7 | 1125.0 |
       Dungeon |   7875 |   7731 |    144 |   2986 |   3749 |   7 | 1125.0 |
               +--------+--------+--------+--------+--------+-----+--------+

Top non-repeatable levels by time:
     D:5: 2550 daAuts
     D:6: 1918 daAuts
     D:4: 1012 daAuts
     D:3: 880 daAuts
     D:1: 750 daAuts
     D:2: 740 daAuts
     D:7: 21 daAuts
